Map: Ruins of Seras

Players

Lapack - Winner!

  • Race: Protoss Protoss
  • League: Diamond

GatePrime

  • Race: Protoss Protoss
  • League: Diamond

VOD

Have the link to the VOD?

Description

Time

  • Played on: Oct. 28, 2015, 8:30 a.m.
  • Length: 4:24
Show
View Real Time Build Order
Export as new Build Order

Lapack Protoss - Winner!

Build Orders:  

Get SALT Encoding   

  12  0:01  Probe (Chrono Boost)  
  13  0:11  Probe (Chrono Boost)  
  14  0:20  Pylon  
  14  0:22  Probe (Chrono Boost)  
  15  0:38  Probe (Chrono Boost), Gateway  
  16  0:49  Probe (Chrono Boost)  
  17  0:50  Assimilator  
  17  0:59  Probe (Chrono Boost)  
  17  1:00  Assimilator  
  18  1:10  Probe (Chrono Boost)  
  19  1:13  Gateway  
  19  1:20  Probe (Chrono Boost)  
  20  1:26  Cybernetics Core  
  20  1:31  Probe (Chrono Boost)  
  21  1:36  Pylon  
  21  1:41  Probe (Chrono Boost)  
  22  1:52  Probe (Chrono Boost)  
  23  2:03  Stalker x2, Warp Gate (Chrono Boost)  
  27  2:18  Pylon  
  27  2:33  Stalker x2  
  27  2:35  Pylon  
  31  2:53  Robotics Facility  
  31  2:59  Gateway  
  31  3:05  Stalker  
  35  3:34  Pylon  
  35  3:47  Immortal (Chrono Boost)  
  37  3:54  Stalker x2  
  41  3:56  Stalker  
  43  4:05  Pylon  
Show
View Real Time Build Order
Export as new Build Order

GatePrime Protoss 

Build Orders: 1 Gate Expand 

Get SALT Encoding   

  12  0:02  Probe (Chrono Boost)  
  13  0:12  Probe (Chrono Boost)  
  14  0:19  Pylon  
  14  0:23  Probe (Chrono Boost)  
  15  0:38  Probe (Chrono Boost)  
  15  0:39  Gateway  
  16  0:46  Assimilator  
  16  0:48  Probe (Chrono Boost)  
  17  0:59  Probe (Chrono Boost)  
  18  1:09  Probe (Chrono Boost)  
  19  1:26  Nexus  
  19  1:29  Probe (Chrono Boost)  
  20  1:40  Cybernetics Core  
  20  1:42  Probe (Chrono Boost)  
  21  1:51  Pylon  
  21  1:53  Probe (Chrono Boost)  
  22  1:58  Assimilator  
  22  2:03  Probe (Chrono Boost)  
  23  2:14  Probe (Chrono Boost)  
  24  2:17  Warp Gate  
  24  2:18  Stalker (Chrono Boost)  
  26  2:25  Probe  
  27  2:32  Twilight Council  
  27  2:37  Probe  
  27  2:38  Probe  
  29  2:48  Probe  
  29  2:49  Probe  
  31  2:52  Stalker (Chrono Boost)  
  33  3:00  Probe (Chrono Boost)  
  33  3:02  Mothership Core (Chrono Boost)  
  36  3:09  Pylon  
  36  3:11  Probe (Chrono Boost)  
  35  3:20  Probe (Chrono Boost)  
  36  3:33  Stalker  
  38  3:35  Probe (Chrono Boost)  
  38  3:36  Probe (Chrono Boost)  
  38  3:40  Gateway  
  40  3:45  Gateway  
  40  3:47  Probe (Chrono Boost)  
  39  3:48  Probe (Chrono Boost)  
  39  3:55  Pylon  
  40  4:02  Robotics Facility  
Tags
 
Add a new tag
Caveats
  • Supply blocks, unpowered buildings, or Contaminate may cause inaccurate times.
  • Supply counts are checked every 10 seconds.